 Dungeon Crawl Stone Soup version 0.30-a0-364-gf6b3ef1049 (webtiles) character file.

Game seed: 782684186099514291

5466 Essalna the Destroyer (level 10, -4/63 HPs)
             Began as a Tengu Fire Elementalist on Nov 14, 2022.
             Was a Priest of Vehumet.
             Slain by a vault guard
             ... wielding a +0 broad axe
              (13 damage)
             ... in a bailey.
             The game lasted 00:18:07 (8139 turns).

Essalna the Destroyer (Tengu Fire Elementalist)     Turns: 8139, Time: 00:18:08

Health: -4/63      AC: 11    Str: 14    XL:     10   Next: 69%
Magic:  10/14      EV: 17    Int: 16    God:    Vehumet [***...]
Gold:   497        SH:  5    Dex: 18    Spells: 6/13 levels left

rFire   . . .      SeeInvis .    j - +4 war axe "Urehott" {spect, rPois Int-4 Dex+3}
rCold   . . .      Faith    .    (no shield)
rNeg    . . .      Spirit   .    f - +0 swamp dragon scales
rPois   +          Reflect  +    (helmet restricted)
rElec   .          Harm     .    (no cloak)
rCorr   .          Rampage  .    q - +1 pair of gloves
Will    .....                    (boots unavailable)
Stlth   ++........               h - amulet of reflection
HPRegen 0.30/turn                g - +6 ring of strength
MPRegen 0.14/turn                (no ring)

@: flying quickly and evasively, invisible, quick
A: beak, talons 3, nimble flight
a: Renounce Religion


You were in a bailey.
You worshipped Vehumet.
Vehumet was most pleased with you.
You visited 2 branches of the dungeon, and saw 9 of its levels.
You also visited: Bailey.

You collected 497 gold pieces.

Inventory:

Hand Weapons
 j - the +4 war axe "Urehott" (weapon) {spect, rPois Int-4 Dex+3}
   (You found it on level 2 of the Dungeon)

   When its wielder attacks, the weapon's spirit leaps out and strikes again.
   The spirit shares a part of any damage it takes with its wielder.
   Int:       It affects your intelligence (-4).
   Dex:       It affects your dexterity (+3).
   rPois:     It protects you from poison.
Armour
 f - +0 swamp dragon scales (worn)
 m - a +1 leather armour of cold resistance
 q - a +1 pair of gloves (worn)
Jewellery
 g - a +6 ring of strength (left hand)
 h - an amulet of reflection (around neck)
Wands
 v - a wand of iceblast (12)
Scrolls
 a - a scroll of enchant weapon
 r - 2 scrolls of fear
 t - 4 scrolls of teleportation
Potions
 b - 3 potions of magic
 c - a potion of cancellation
 d - 2 potions of brilliance
 i - 5 potions of curing {unknown}
 l - a potion of flight {unknown}
 n - a potion of mutation
 p - 3 potions of might {unknown}
 s - a potion of lignification
 w - a potion of haste


   Skills:
 + Level 7.2 Fighting
 + Level 7.0 Armour
 + Level 7.4 Dodging
 - Level 2.0 Stealth
 - Level 2.0 Spellcasting
 + Level 9.5 Conjurations
 + Level 8.6 Fire Magic


You had 6 spell levels left.
You knew the following spells:

 Your Spells              Type           Power      Damage    Failure   Level
a - Foxfire               Conj/Fire      100%       2x1d9     1%          1
b - Scorch                Fire           58%        2d7       1%          2
c - Flame Wave            Conj/Fire      30%        2d9       2%          4

Your spell library contained the following spells:

 Spells                   Type           Power      Damage    Failure   Level
 Hailstorm                Conj/Ice       16%        3d6       4%          3
 Momentum Strike          Conj/Tloc      32%        3d8       2%          2
 Inner Flame              Hex/Fire       15%        N/A       5%          3
 Kindle Blastsparks       Fire/Tloc/Air  20%        2d11      10%         3
 Apportation              Tloc           2%         N/A       36%         1
 Slow                     Hex            4%         N/A       36%         1
 Blink                    Tloc           2%         N/A       50%         2
 Ensorcelled Hibernation  Hex/Ice        2%         N/A       50%         2
 Confusing Touch          Hex            1%         N/A       75%         3
 Gell's Gravitas          Tloc           1%         N/A       75%         3
 Lesser Beckoning         Tloc           2%         N/A       75%         3
 Spider Form              Tmut/Pois      1%         N/A       75%         3
 Teleport Other           Tloc           1%         N/A       75%         3
 Vampiric Draining        Necr           1%         2d6       75%         3
 Anguish                  Hex/Necr       0%         N/A       98%         4
 Alistair's Intoxication  Tmut/Pois      0%         N/A       100%        5
 Dispersal                Tloc           0%         N/A       100%        6


Dungeon Overview and Level Annotations

Branches:
Dungeon (8/15)             Temple (1/1) D:5            Lair (0/5) D:8
 Bailey (1/1)

Altars:
Ashenzari
Cheibriados
Dithmenos
Fedhas
Gozag
Hepliaklqana
Kikubaaqudgha
Nemelex Xobeh
Okawaru
Sif Muna
Trog
Uskayaw
Vehumet
Wu Jian
Yredelemnul
Zin
The Shining One


Innate Abilities, Weirdness & Mutations

You have a beak for a mouth.
You have claws for feet.
Your magical nature lets you fly swiftly and evasively.


Message History

You are too injured to fight recklessly!
You hit the vault guard. Your kick misses the vault guard.
Your peck misses the vault guard.
The vault guard is moderately wounded.
You hit the bullfrog.
Your +4 war axe "Urehott" {spect, rPois Int-4 Dex+3} hits the bullfrog!
You kill the bullfrog!
Vehumet accepts your kill.
You feel your power returning.
Your +4 war axe "Urehott" {spect, rPois Int-4 Dex+3} hits the vault guard.
The vault guard barely misses you. The vault guard misses you.
You hit the vault guard.
You claw the vault guard, but do no damage.
The vault guard is heavily wounded.
Your +4 war axe "Urehott" {spect, rPois Int-4 Dex+3} closely misses the vault guard.
The vault guard hits you with a +0 broad axe!!
The vault guard barely misses your +4 war axe "Urehott" {spect, rPois Int-4 Dex+3}.
You slash the vault guard! Your kick misses the vault guard.
The vault guard is severely wounded.
Your +4 war axe "Urehott" {spect, rPois Int-4 Dex+3} barely misses the vault guard.
The vault guard hits you with a +0 broad axe!
* * * LOW HITPOINT WARNING * * *
The vault guard hits your +4 war axe "Urehott" {spect, rPois Int-4 Dex+3} with a +0 broad axe.
Your spectral weapon shares its damage with you!
* * * LOW HITPOINT WARNING * * *
The vault guard closely misses you.
The vault guard closely misses your +4 war axe "Urehott" {spect, rPois Int-4 Dex+3}.
You hit the vault guard.
You claw the vault guard, but do no damage.
Your peck misses the vault guard.
The vault guard is severely wounded.
Your +4 war axe "Urehott" {spect, rPois Int-4 Dex+3} hits the vault guard but does no damage.
The vault guard hits you with a +0 broad axe.
* * * LOW HITPOINT WARNING * * *
The vault guard hits your +4 war axe "Urehott" {spect, rPois Int-4 Dex+3} with a +0 broad axe!
Your spectral weapon shares its damage with you!
* * * LOW HITPOINT WARNING * * *
You fade into invisibility!
The vault guard hits you with a +0 broad axe!
You die...

#≈~†.≈####
####≈~.≈##≈##
#~p?#≈~.~≈≈~≈#
~.F!#≈~.~~~~≈#
##~..##≈~...~~~≈#
#~.. #≈~..~.~~~≈#
#.. ##≈~...~~~~≈#
#'###≈~...~~~~~≈#
#.≈≈≈†@....~~~~≈#
##..§p~~....~~≈##
#~~~.......~~≈#
##~~~##+##~~≈##
##~## #≈## ### ##


You could see a vault guard.

Vanquished Creatures
  Maggie (D:6)
  A wyvern (D:8)
  A human (Bailey)
  Duvessa (D:5)
  2 orc warriors
  2 hornet zombies (D:6)
  5 sky beasts
  3 ice beasts
  A black bear (D:6)
  2 ogres
  2 centaurs
  2 phantoms (D:7)
  The ghost of Smoky173 the Stinger, an amateur MfVM of Cheibriados (D:3)
  12 bullfrogs
  7 scorpions
  10 wights
  2 water moccasin zombies (D:6)
  Dowan (D:5)
  5 killer bees (D:8)
  2 bullfrog zombies (D:6)
  7 hounds
  2 orc priests (D:7)
  Crazy Yiuf (D:7)
  8 orc wizards
  3 iguanas
  A killer bee zombie (D:6)
  6 adders
  9 gnolls
  3 white imps
  An ufetubus (D:5)
  2 worms
  2 dart slugs
  34 orcs
  5 ball pythons
  7 bats
  5 endoplasms
  6 giant cockroaches
  10 goblins
  8 hobgoblins
  3 jackals
  4 kobolds
  4 quokkas
  9 frilled lizards
  6 rats
209 creatures vanquished.

Vanquished Creatures (others)
  466 foxfires
  3 fungi (D:7)
469 creatures vanquished.

Grand Total: 678 creatures vanquished

Notes
Turn   | Place    | Note
-------+----------+-------------------------------------------
     0 | D:1      | Essalna the Tengu Fire Elementalist began the quest for the
                  | Orb.
     0 | D:1      | Reached XP level 1. HP: 10/10 MP: 4/4
   135 | D:1      | Reached XP level 2. HP: 15/16 MP: 1/6
   159 | D:1      | Reached skill level 2 in Conjurations
   300 | D:1      | Reached skill level 1 in Fighting
   327 | D:1      | Found a faded altar of an unknown god.
   661 | D:1      | Reached XP level 3. HP: 20/20 MP: 0/7
   664 | D:1      | Learned a level 2 spell: Scorch
  1640 | D:2      | Reached skill level 3 in Conjurations
  1640 | D:2      | Reached XP level 4. HP: 16/26 MP: 2/8
  1830 | D:2      | Identified the +4 war axe "Urehott" {spect, rPois Int-4
                  | Dex+3}
  2100 | D:3      | Noticed an ice beast
  2121 | D:3      | Killed an ice beast
  2122 | D:3      | Reached skill level 4 in Conjurations
  2122 | D:3      | Gained mutation: Your magical nature lets you fly swiftly
                  | and evasively. [Tengu growth]
  2122 | D:3      | Reached XP level 5. HP: 31/31 MP: 4/9
  2540 | D:3      | Found a runed translucent gate.
  2540 | D:3      | Found a runed translucent gate.
  2540 | D:3      | Found a runed translucent gate.
  2540 | D:3      | Noticed Smoky173's ghost (amateur MfVM)
  2572 | D:3      | Reached XP level 6. HP: 33/36 MP: 10/10
  2971 | D:3      | Killed Smoky173's ghost
  2972 | D:3      | Reached skill level 1 in Armour
  2972 | D:3      | Reached skill level 5 in Fire Magic
  3322 | D:4      | You are sucked into a shaft and drop 2 floors!
  3344 | D:6      | Reached skill level 5 in Conjurations
  3344 | D:6      | Reached XP level 7. HP: 17/41 MP: 11/11
  3355 | D:6      | HP: 1/42 [gnoll/+0 spear (5)]
  3510 | D:5      | Entered Level 5 of the Dungeon
  3515 | D:5      | Found a staircase to the Ecumenical Temple.
  3545 | Temple   | Entered the Ecumenical Temple
  3552 | Temple   | Became a worshipper of Vehumet
  3665 | D:5      | Noticed Dowan
  3665 | D:5      | Noticed Duvessa
  3674 | D:5      | Killed Dowan
  3675 | D:5      | Reached XP level 8. HP: 43/48 MP: 12/12
  3696 | D:5      | Killed Duvessa
  3697 | D:5      | Reached skill level 6 in Conjurations
  3996 | D:4      | Reached * piety under Vehumet
  3996 | D:4      | Offered knowledge of Freeze by Vehumet.
  4052 | D:4      | Found a broken altar of Ashenzari.
  4056 | D:4      | Saw a vision of the Swamp and the Snake Pit.
  4056 | D:4      | Noticed a goliath frog
  4056 | D:4      | Noticed a spriggan druid
  4056 | D:4      | Noticed a bloated husk
  4056 | D:4      | Noticed a naga mage
  4056 | D:4      | Noticed a bunyip
  4056 | D:4      | Noticed a salamander
  4056 | D:4      | Noticed a black mamba
  4056 | D:4      | Noticed a black mamba
  4056 | D:4      | Noticed a naga mage
  4056 | D:4      | Noticed a naga sharpshooter
  4056 | D:4      | Noticed a black mamba
  4056 | D:4      | Noticed a goliath frog
  4058 | D:4      | Noticed an eight-headed hydra
  4058 | D:4      | Noticed a spriggan rider
  4060 | D:4      | Noticed an alligator
  4276 | D:4      | Reached skill level 5 in Fighting
  4633 | D:4      | Noticed a will-o-the-wisp
  4633 | D:4      | Noticed a salamander
  4974 | D:5      | Reached skill level 5 in Dodging
  5381 | D:5      | Reached skill level 7 in Conjurations
  5384 | D:5      | Reached XP level 9. HP: 54/54 MP: 6/13
  5924 | D:6      | Found a basalt altar of Yredelemnul.
  6002 | D:6      | Reached skill level 5 in Armour
  6209 | D:6      | Reached ** piety under Vehumet
  6209 | D:6      | Offered knowledge of Shock by Vehumet.
  6487 | D:6      | Noticed Maggie
  6499 | D:6      | Killed Maggie
  6500 | D:6      | Reached skill level 8 in Conjurations
  6507 | D:6      | Learned a level 4 spell: Flame Wave
  6936 | D:7      | Reached XP level 10. HP: 51/61 MP: 14/14
  7258 | D:7      | Found a runed translucent door.
  7259 | D:7      | Noticed Crazy Yiuf
  7264 | D:7      | Killed Crazy Yiuf
  7269 | D:7      | Identified the +0 hammer of Fedhas's Reproof {drain, Will+
                  | Dex+4}
  7704 | D:8      | Reached skill level 9 in Conjurations
  7707 | D:8      | Found a staircase to the Lair.
  7762 | D:8      | Offered knowledge of Hailstorm by Vehumet.
  7917 | D:8      | Found a flagged portal.
  7932 | Bailey   | Entered a bailey
  8040 | Bailey   | Reached *** piety under Vehumet
  8121 | Bailey   | Noticed a vault guard
  8139 | Bailey   | Slain by a vault guard

Illustrated notes

Levels and vault maps discovered:
D:1:      minmay_arrival_plants_in_alcoves, layout_basic,
          ebering_ecumenical_altar_webs, minmay_hexomino_c4
D:2:      wad_crossroads, layout_rooms
D:3:      layout_basic, gammafunk_ghost_split, kennysheep_small_spiral,
          ebering_dispersal_statue_hall, st_stairs_4, minivault_27
D:4:      layout_cave_pods, grunt_ashenzari_visionary
          [grunt_ashenzari_visionary_swamp, grunt_ashenzari_visionary_snake]
D:5:      layout_cave_pools, minmay_temple_entry_junction,
          kennysheep_opposing_triangles, uniq_duvessa
D:6:      layout_gridville, nicolae_yredelemnul_corpse_copse, nicolae_titane,
          uniq_maggie
D:7:      layout_loops_cross, uniq_crazy_yiuf_cottage
D:8:      layout_gridville, lair_entry_dummy, enter_bailey_2,
          grunt_decor_fettered, uniq_maurice
Temple:   minmay_freezing_vapour_temple
Bailey:   bailey_axe_froggy_fort_hellmonk, bailey

Skill      XL: |  1  2  3  4  5  6  7  8  9 10 |
---------------+-------------------------------+-----
Conjurations   | 2 3 4 5 7 8 9 |  9.5
Fighting       | 1 2 3 4 5 6 7 |  7.2
Fire Magic     | 4 5 6 7 8 |  8.6
Armour         | 2 3 4 6 7 |  7.0
Dodging        | 3 4 5 6 7 |  7.4
Stealth        | |  2.0
Spellcasting   | |  2.0

Action                   |  1- 3 |  4- 6 |  7- 9 | 10-12 || total
-------------------------+-------+-------+-------+-------++-------
Melee: Unarmed           |    19 |     2 |       |       ||    21
       Kick              |     6 |    10 |    28 |    24 ||    68
       Peck              |     2 |     8 |    12 |    11 ||    33
       War axe           |       |    32 |    95 |    65 ||   192
       Punch             |       |     1 |     3 |       ||     4
 Cast: Foxfire           |    88 |    22 |   126 |    46 ||   282
       Scorch            |     2 |     4 |     3 |     4 ||    13
  Use: Scroll            |     5 |       |    11 |     2 ||    18
       Potion            |       |       |     1 |     1 ||     2
 Stab: Sleeping          |       |     2 |     2 |       ||     4
       Distracted        |       |       |       |     1 ||     1
Armor: Robe              |     8 |     2 |     2 |       ||    12
       Swamp dragon scal |       |       |     7 |    18 ||    25
Dodge: Dodged            |    27 |    19 |    75 |    56 ||   177
Block: Other             |       |       |     5 |    13 ||    18
       Reflection        |       |       |     1 |     3 ||     4

Table legend: (Time is in decaauts)
 A = Elapsed time spent in this place.
 B = Non-inter-level travel time spent in this place.
 C = Inter-level travel time spent in this place.
 D = Time resting spent in this place.
 E = Time spent auto-exploring this place.
 F = Levels seen in this place.
 G = Mean time per level.
                   A        B        C        D        E       F      G
               +--------+--------+--------+--------+--------+-----+--------+
         Total |   7865 |   7486 |    379 |    105 |   5988 |  10 |  786.5 |
       Dungeon |   7635 |   7256 |    379 |    105 |   5829 |   8 |  954.4 |
        Temple |     15 |     15 |      0 |      0 |      0 |   1 |   15.0 |
        Bailey |    214 |    214 |      0 |      0 |    158 |   1 |  214.0 |
               +--------+--------+--------+--------+--------+-----+--------+

Top non-repeatable levels by time:
     D:6: 1478 daAuts
     D:2: 1086 daAuts
     D:3: 1001 daAuts
     D:1: 981 daAuts
     D:4: 970 daAuts
     D:5: 875 daAuts
     D:7: 855 daAuts
     D:8: 386 daAuts
  Bailey: 214 daAuts
  Temple: 15 daAuts
